 Dungeon Crawl Stone Soup version 0.18.1-48-g4cf74bf (webtiles) character file.

199 Ladykiller69 the Shield-Bearer (level 6, 0/48 HPs)
             Began as a Formicid Fighter on Aug 17, 2016.
             Killed by nerve-wracking pain
             ... invoked by an orc priest
              (3 damage)
             ... on level 3 of the Dungeon.
             The game lasted 00:09:33 (1672 turns).

Ladykiller69 the Shield-Bearer (Formicid Fighter)   Turns: 1672, Time: 00:09:34

Health: 0/48       AC:  9    Str: 22    XL:     6   Next: 6%
Magic:  6/6        EV:  6    Int:  8    God:
Gold:   88         SH: 10    Dex: 10    Spells: 0 memorised, 5 levels left

rFire  . . .     SeeInvis +     a - +0 war axe
rCold  . . .     Gourm    .     p - +0 chain mail
rNeg   . . .     Faith    .     c - +0 shield
rPois  .         Spirit   .     (helmet unavailable)
rElec  .         Dismiss  .     (no cloak)
rCorr  .         Reflect  .     (no gloves)
SustAt .         Harm     .     (no boots)
MR     .....                    (no amulet)
Stlth  ..........               (no ring)
                                (no ring)

@: drained, not resistant to hostile enchantments, extremely unstealthy
A: permanent stasis, dig shafts and tunnels, four strong arms, antennae 3
a: Dig, Shaft Self


You were on level 3 of the Dungeon.
You were hungry.

You visited 1 branch of the dungeon, and saw 3 of its levels.

You collected 88 gold pieces.

Inventory:

Hand Weapons
 a - a +0 war axe (weapon)
 b - a +2 flail of draining
Armour
 c - a +0 shield (worn)
 p - a +0 chain mail (worn)
Jewellery
 r - a cursed ring of flight {unknown}
Scrolls
 e - a scroll of identify {unknown}
 j - a scroll of amnesia {unknown}
 k - a scroll of noise {unknown}
 l - a scroll of fear {unknown}
 n - a scroll of enchant armour {unknown}
 s - 3 scrolls of random uselessness {unknown}
 u - a scroll of magic mapping {unknown}
Potions
 d - 2 potions of might
 h - a potion of haste {unknown}
 i - 2 potions of mutation {unknown}
 m - a potion of agility {unknown}
 o - a potion of heal wounds {unknown}
 t - a potion of berserk rage {unknown}
Comestibles
 f - 3 bread rations
 g - 7 chunks of flesh
 q - a slice of pizza


   Skills:
 - Level 4.0(3.7) Fighting
 * Level 4.0(3.8) Axes
 - Level 4.0(3.8) Armour
 + Level 5.0(4.7) Shields


You had 5 spell levels left.
You didn't know any spells.

Dungeon Overview and Level Annotations

Branches:
Dungeon (3/15)

Altars:
Pakellas
The Shining One


Innate Abilities, Weirdness & Mutations

You are under a permanent stasis effect.
You can dig through walls and to a lower floor.
Your four strong arms can wield two-handed weapons with a shield.
You have a pair of large antennae on your head (SInv).


Message History

You hit the orc priest.
The orc priest is severely wounded.
The orc priest hits you but does no damage.
You hit the orc priest.
The orc priest is severely wounded.
The orc priest hits you but does no damage.
You barely miss the orc priest.
The orc priest is severely wounded.
The orc priest casts a cantrip, but nothing happens.
You block the orc priest's attack.
You hit the orc priest.
The orc priest is almost dead.
The orc priest calls down the wrath of Beogh upon you.
Pain shoots through your body!
* * * LOW HITPOINT WARNING * * *
You closely miss the orc priest.
The orc priest is almost dead.
The orc priest invokes the aid of Beogh against you.
Pain shoots through your body!
You die...

########### #.........#
#.........# ########
#.........# .......#
#.........# .......#
#######.........#
.......#####..##@#.........#
..............#o##.........#
...........##.##{#.........#
.........####.#.##.........#
.......#####........########
.......# ##...########
.......###....#.......
.#######.....{#....... ###
##......#{{......


You could see an orc priest.

Vanquished Creatures
  An orc priest (D:3)
  An orc wizard (D:3)
  An iguana (D:3)
  Terence (D:2)
  A gnoll (D:3)
  2 adders (D:3)
  3 worms
  2 dart slugs
  A giant gecko (D:1)
  6 orcs (D:3)
  2 ball pythons
  2 bats
  A giant cockroach (D:1)
  6 goblins
  5 hobgoblins
  4 jackals (D:3)
  4 kobolds
  A quokka (D:2)
  4 giant newts
  3 rats
51 creatures vanquished.

Notes
Turn   | Place    | Note
--------------------------------------------------------------
     0 | D:1      | Ladykiller69 the Formicid Fighter began the quest for the Orb.
     0 | D:1      | Reached XP level 1. HP: 18/18 MP: 1/1
   108 | D:1      | Reached XP level 2. HP: 24/24 MP: 2/2
   459 | D:2      | Reached XP level 3. HP: 29/29 MP: 3/3
   645 | D:2      | Found a glowing golden altar of the Shining One.
   764 | D:3      | Reached skill level 4 in Shields
   882 | D:2      | Noticed Terence
   896 | D:2      | Killed Terence
   896 | D:2      | Reached XP level 4. HP: 12/37 MP: 4/4
  1178 | D:3      | Found an oddly glowing altar of Pakellas.
  1444 | D:3      | Reached XP level 5. HP: 40/42 MP: 5/5
  1663 | D:3      | Reached XP level 6. HP: 19/48 MP: 6/6
  1665 | D:3      | Reached skill level 5 in Shields
  1672 | D:3      | Killed from afar by an orc priest

Skill      XL: |  1  2  3  4  5  6 |
---------------+-------------------+-----
Shields        | 4 5 |  5.0
Axes           | 3 4 |  4.0
Armour         | 4 |  4.0
Fighting       | 4 |  4.0

Action                   |  1- 3 |  4- 6 || total
-------------------------+-------+-------++-------
Melee: War axe           |    89 |   123 ||   212
 Abil: Dig               |     2 |     3 ||     5
  Eat: Chunk             |       |     3 ||     3
Armor: Scale mail        |    24 |       ||    24
       Chain mail        |    12 |    52 ||    64
Dodge: Dodged            |    27 |    28 ||    55
Block: Shield            |    38 |    64 ||   102
